 Dungeon Crawl Stone Soup version 0.31-a0-175-g9f7f995f2b (webtiles) character file.

Game seed: 7288251620792401032

137 qw the Chopper (level 5, 0/32 HPs)
             Began as a Gargoyle Fighter on June 16, 2023.
             Slain by a quokka (1 damage)
             ... on level 3 of the Dungeon.
             The game lasted 00:00:46 (1403 turns).

qw the Chopper (Gargoyle Fighter)                   Turns: 1403, Time: 00:00:46

Health: 0/32       AC: 10    Str: 21    XL:     5   Next: 20%
Magic:  0/4        EV:  9    Int: 12    God:
Gold:   140        SH:  4    Dex:  8    Spells: 4/4 levels left

rFire   . . .        Y - +1 war axe
rCold   . . .        c - +0 buckler
rNeg    + + .        b - +0 scale mail
rPois   inf          (no helmet)
rElec   +            (no cloak)
rCorr   .            (no gloves)
SInv    .            (no boots)
Will    +....        e - amulet of guardian spirit Stlth
                     l - ring of positive energy
HPRegen 0.25/turn    (no ring)
MPRegen 0.09/turn

%: guardian spirit
@: no status effects
A: sickness immunity, AC +4, negative energy resistance 1, electricity
resistance, torment resistance 1, petrification resistance, clever 1, low MP 1,
strong-willed 1
a: no special abilities


You were on level 3 of the Dungeon.
You visited 1 branch of the dungeon, and saw 3 of its levels.

You collected 140 gold pieces.


Innate Abilities, Weirdness & Mutations

You are immune to sickness and miasma.
Your stone body is resilient. (AC +4)
You are immune to poison.
You resist negative energy. (rN+)
You are resistant to electric shocks. (rElec)
You are resistant to unholy torment.
You are immune to petrification.
Your mind is acute. (Int +4, Str/Dex -1)
Your magical capacity is low. (-10% MP)
You are strong-willed. (Will+)


   Skills:
 - Level 3.2 Fighting
 + Level 4.7 Axes
 - Level 3.2 Armour
 - Level 3.2 Shields


You had 4 spell levels left.
You didn't know any spells.
Your spell library was empty.

Inventory:

Hand Weapons
 h - a +0 club
 Y - a +1 war axe (weapon)
Armour
 b - a +0 scale mail (worn)
 c - a +0 buckler (worn)
Jewellery
 e - an amulet of guardian spirit (around neck)
 l - a ring of positive energy (left hand)
Potions
 a - a potion of invisibility {unknown}
 d - a potion of might
 f - a potion of attraction {unknown}
 g - a potion of mutation
 i - 2 potions of curing {unknown}
 k - a potion of heal wounds {unknown}

Dungeon Overview and Level Annotations

Branches:
Dungeon (3/15)

Altars:

Shops:
D:2 :


Message History

A hobgoblin comes into view.
The hobgoblin shouts!
You hear a shout!
The centaur shoots an arrow.
The arrow hits you!
The centaur shoots an arrow.
The arrow hits you!
The centaur shoots an arrow.
The arrow hits you.
You slash the hobgoblin!
You kill the hobgoblin!
The centaur unwields a +0 orcbow.
The centaur closely misses you. The centaur kicks you.
You slash the centaur!
The centaur is severely wounded.
You block the centaur's attack.
The centaur kicks you but does no damage.
The centaur hits you.
The centaur kicks you but does no damage.
You hit the centaur but do no damage.
The centaur is severely wounded.
The centaur hits you but does no damage.
The centaur kicks you but does no damage.
You block the centaur's attack.
The centaur kicks you but does no damage.
You slash the centaur!
You kill the centaur!
Your Axes skill increases to level 4!
You have reached level 5!
A quokka comes into view.
Things that are here:
a +0 orcbow; a centaur corpse; a hobgoblin corpse You start resting.
A quokka is nearby!
You barely miss the quokka.
The quokka bites you but does no damage.
You hit the quokka.
The quokka is severely wounded.
The quokka bites you but does no damage.
The quokka bites you.
You miss the quokka.
The quokka is severely wounded.
The quokka bites you.
You die...

####.##.###.#
#.# ##.....
#......##.# #.#
##.#..##
....#..#....#
#.###.###.##
###......####
#.##.## ##..
##.##.##
#.###.###... #<
#. #.# ##.#.##.
. #. #.#
##.###.
##.##.#######.#
#.# #.
#....r@......#
#.# #.
........#######
#.# #.
......#.# #.#
#. ##.####.#
#.# #. .. #.#
#.# #. . #.#
#.# #. ..# #.
### #. #.###.


You could see a quokka.

Vanquished Creatures
  A centaur (D:3)
  2 adders (D:2)
  A dart slug (D:1)
  An orc (D:3)
  A ball python (D:3)
  An endoplasm (D:2)
  5 goblins
  7 hobgoblins
  6 jackals
  A quokka (D:1)
  A frilled lizard (D:1)
  2 kobolds
  7 rats
36 creatures vanquished.

Notes
Turn   | Place    | Note
-------+----------+-------------------------------------------
     0 | D:1      | qw the Gargoyle Fighter began the quest for the Orb.
     0 | D:1      | Reached XP level 1. HP: 14/14 MP: 1/1
     0 | D:1      | 0 ||| qw: Version: 0.2-a-29-g511e9b1
     0 | D:1      | 0 ||| qw: Game counter: 5779
     0 | D:1      | 0 ||| qw: Always use a shield: true
     0 | D:1      | 0 ||| qw: God list: Okawaru
     0 | D:1      | 0 ||| qw: Allow faded altars: false
     0 | D:1      | 0 ||| qw: Do Orc after D:15 true
     0 | D:1      | 0 ||| qw: Do second Lair branch before Depths: true
     0 | D:1      | 0 ||| qw: Lair rune preference: random
     0 | D:1      | 0 ||| qw: Plans: Normal, Zot:1-4, Slime:5, God:TSO, Crypt,
                  | Tomb, Abyss, Pan, Hells, Win
     0 | D:1      | 0 ||| PLANNING D:1-11
    30 | D:1      | Reached skill level 2 in Axes
    71 | D:1      | Reached XP level 2. HP: 19/19 MP: 2/2
   436 | D:1      | Reached skill level 3 in Axes
   494 | D:1      | Reached XP level 3. HP: 23/23 MP: 3/3
   655 | D:1      | 655 ||| READING scroll labelled EMAUTTOFUC.
   656 | D:1      | 656 ||| READING scroll labelled RYUNAJ ZOERUKHO.
   657 | D:1      | 657 ||| READING scroll labelled XAFULODW RUMON.
   662 | D:1      | 662 ||| READING scroll labelled JOIGRAFIRI.
   663 | D:1      | 663 ||| READING scroll labelled BUNUAKLEOD.
   992 | D:2      | Found Koeraw's Vocational Training.
  1226 | D:2      | 1226 ||| UPGRADING to amulet of guardian spirit.
  1231 | D:2      | 1231 ||| UPGRADING to ring of positive energy.
  1232 | D:2      | 1232 ||| READING scroll labelled XUDGHI OWOY.
  1233 | D:2      | 1233 ||| READING scroll labelled OBIQIE LAJUMO.
  1234 | D:2      | 1234 ||| DRINKING 2 yellow potions.
  1234 | D:2      | Gained mutation: Your magical capacity is low. (-10% MP)
                  | [potion of mutation]
  1234 | D:2      | Gained mutation: You are strong-willed. (Will+) [potion of
                  | mutation]
  1234 | D:2      | Gained mutation: Your mind is acute. (Int +4, Str/Dex -1)
                  | [potion of mutation]
  1351 | D:3      | Reached XP level 4. HP: 28/28 MP: 3/3
  1385 | D:3      | Noticed a centaur
  1389 | D:3      | HP: 4/28 [centaur/arrow (4)]
  1392 | D:3      | HP: 1/28 [centaur (2)]
  1394 | D:3      | Killed a centaur
  1395 | D:3      | Reached skill level 4 in Axes
  1395 | D:3      | Reached XP level 5. HP: 2/32 MP: 0/4
  1402 | D:3      | HP: 1/32 [quokka (3)]
  1403 | D:3      | Slain by a quokka

Levels and vault maps discovered:
D:1:      co_arrival_square_in_a_square_in_a_square, layout_basic
D:2:      layout_rooms, skrybe_limestone_x, nicolae_shop_vocational
D:3:      layout_loops_ring, cheibrodos_worm_habitat,
          nicolae_ecumenical_lake_church, minmay_crystal_room, st_stairs_3

Skill      XL: |  1  2  3  4 |
---------------+-------------+-----
Axes           | 2 3 4 |  4.7
Fighting       | |  3.2
Armour         | |  3.2
Shields        | |  3.2

Action                     |  1- 3 |  4- 6 || total
---------------------------+-------+-------++-------
  Melee: War axe           |    78 |     7 ||    85
    Use: Scroll            |     7 |       ||     7
         Potion            |     1 |       ||     1
 Armour: Scale mail        |    30 |     7 ||    37
  Dodge: Dodged            |    21 |     2 ||    23
  Block: Buckler           |    14 |     2 ||    16

Table legend:
 A = Non-vault XP
 B = Vault XP
 C = Vault XP percentage of total XP
 D = Non-vault monster count
 E = Vault monster count
 F = Vault count percentage of total count
                 A         B        C        D         E       F
            +---------+---------+-------+---------+---------+-------
      Total |     196 |       0 |   0.0 |      36 |       0 |   0.0
            +---------+---------+-------+---------+---------+-------
        D:1 |      36 |       0 |   0.0 |      19 |       0 |   0.0
        D:2 |      39 |       0 |   0.0 |      10 |       0 |   0.0
        D:3 |     121 |       0 |   0.0 |       7 |       0 |   0.0
            +---------+---------+-------+---------+---------+-------
